 Dungeon Crawl Stone Soup version 0.18-a0-1126-ga2d7f46 (webtiles) character file.

991 M4edhros the Covert (level 8, -2/48 HPs)
             Began as an Octopode Artificer on Jan 20, 2016.
             Slain by Grinder (8 damage)
             ... on level 5 of the Dungeon.
             The game lasted 00:06:07 (2882 turns).

M4edhros the Covert (Octopode Artificer)            Turns: 2882, Time: 00:06:07

Health: -2/48      AC:  1    Str: 10    XL:     8   Next: 18%
Magic:  12/12      EV: 14    Int: 17    God:
Gold:   155        SH:  0    Dex: 12    Spells: 0 memorised, 7 levels left

rFire  . . .     SeeInvis +     m - +2 whip (elec)
rCold  . . .     Gourm    .     (no shield)
rNeg   . . .     Faith    .     (helmet restricted)
rPois  .         Spirit   .     (no amulet)
rElec  .         Dismiss  .     i - ring of see invisible
rCorr  .         Reflect  .     n - ring of protection from magic
SustAt .         Harm     .     (no ring)
MR     +....                    (no ring)
Stlth  +++++.....               (no ring)
                                (no ring)
                                (no ring)
                                (no ring)

@: lethally poisoned (-2 -> -2), somewhat resistant to hostile enchantments,
quite stealthy
A: almost no armour, amphibious, 8 rings, constrict 8, camouflage 1, gelatinous
body 1
a: no special abilities


You were on level 5 of the Dungeon.
You were not hungry.

You visited 1 branch of the dungeon, and saw 5 of its levels.

You collected 155 gold pieces.

Inventory:

Hand Weapons
 m - a +2 whip of electrocution (weapon)
 q - a +0 dagger of speed
 r - a +1 rapier of holy wrath
Missiles
 h - 37 sling bullets
 l - 103 stones
 A - 7 tomahawks (quivered)
Jewellery
 i - a ring of see invisible (left tentacle)
 n - a ring of protection from magic (right tentacle)
Wands
 b - a wand of flame (12/48)
 c - a wand of enslavement (6/24)
 d - a wand of random effects (9/48)
Scrolls
 a - a scroll of blinking {unknown}
 e - a scroll of recharging {unknown}
 j - 2 scrolls of identify {unknown}
 o - 2 scrolls of immolation {unknown}
 t - 2 scrolls of remove curse {unknown}
 u - 2 scrolls of enchant armour {unknown}
 w - a scroll of fear {unknown}
 x - a scroll of amnesia {unknown}
 y - a scroll of torment {unknown}
Potions
 g - a potion of heal wounds
 k - 2 potions of curing {unknown}
 p - a potion of ambrosia {unknown}
 z - a potion of cancellation {unknown}
Books
 s - a book of Frost

   Spells                             Type                      Level
   a - Freeze                         Ice                          1
   b - Throw Frost                    Conjuration/Ice              2
   c - Ozocubu's Armour               Charms/Ice                   3
   d - Throw Icicle                   Conjuration/Ice              4
   e - Summon Ice Beast               Ice/Summoning                4
   f - Condensation Shield            Ice                          4
Comestibles
 f - 3 bread rations
 v - a meat ration


   Skills:
 - Level 1.0 Fighting
 - Level 1.0 Short Blades
 * Level 5.7 Dodging
 * Level 8.8 Stealth
 + Level 5.6 Evocations


You had 7 spell levels left.
You didn't know any spells.

Dungeon Overview and Level Annotations

Branches:
Dungeon (5/15)
 Temple: D:4-7

Altars:
Trog

Annotations:
D:5 Grinder; M4edhros's ghost, amateur OpAr


Innate Abilities, Weirdness & Mutations

You cannot wear most types of armour.
You are amphibious.
You can wear up to eight rings at the same time.
You can use your tentacles to constrict eight enemies at once.
Your skin changes colour to match your surroundings (Stealth).
Your rubbery body absorbs attacks (AC +1).


Message History

The jackal is almost dead.
You feel sick. The jackal closely misses you.
Grinder gestures.
Grinder blinks!
The jackal bites you.
You whack the jackal!
You kill the jackal!
Unknown command.
You feel sick.
z - a blue potion You feel sick.
Grinder gestures.
Grinder blinks!
You start resting.
You feel sick.
Grinder is no longer charmed.
Grinder hits you!
* * * LOW HITPOINT WARNING * * *
You writhe in agony.
* * * LOW HITPOINT WARNING * * *
You feel sick. Grinder hits you!
You die...

#.# o ##.## ##..o.
###...### ...##
#.......# ......
##.....#.# ...###
##........# ##.##
#.........##
#...##
##...5.....#
?....##
##..@..#...#
.<$...##
#.?.>#.#.##
.......#
#.#.###..#
......... ...#.#
#.# .......#.
#####.# .#
......... #.# #
.....#### #.#
#...## #.#
..##############.#
###


You could see Grinder.

Vanquished Creatures
  A swamp drake (D:5)
  A phantom (D:5)
  A centaur (D:5)
  A scorpion (D:5)
  A crimson imp (D:5)
  A centaur skeleton (D:4)
  A hound (D:4)
  2 giant frog skeletons
  2 orc priests
  Jessica (D:3)
  2 iguanas
  An orc wizard (D:5)
  6 worker ants
  A hound skeleton (D:5)
  4 gnolls
  4 adders
  2 shadow imps (D:5)
  An adder skeleton (D:5)
  2 giant geckos
  15 orcs
  A ball python (D:4)
  2 bats
  2 giant cockroaches
  A goblin (D:1)
  2 hobgoblins
  3 jackals (D:5)
  2 kobolds (D:1)
  A quokka (D:4)
  A giant newt (D:5)
  3 rats
68 creatures vanquished.

Vanquished Creatures (collateral kills)
  An ogre (D:5)
  A gnoll sergeant (D:5)
  2 gnolls (D:5)
  An orc (D:5)
  A jackal (D:5)
6 creatures vanquished.

Vanquished Creatures (others)
  A gnoll (D:5)
1 creature vanquished.

Grand Total: 75 creatures vanquished

Notes
Turn   | Place    | Note
--------------------------------------------------------------
     0 | D:1      | M4edhros the Octopode Artificer began the quest for the Orb.
     0 | D:1      | Reached XP level 1. HP: 13/13 MP: 3/3
   125 | D:1      | Reached XP level 2. HP: 12/18 MP: 4/4
   332 | D:2      | Reached XP level 3. HP: 20/23 MP: 5/5
   361 | D:3      | Noticed Jessica
   362 | D:3      | Killed Jessica
   438 | D:3      | Reached XP level 4. HP: 28/28 MP: 6/6
   544 | D:4      | Reached skill level 4 in Stealth
   816 | D:4      | Reached XP level 5. HP: 33/33 MP: 6/8
   889 | D:4      | Reached skill level 5 in Stealth
  1017 | D:4      | Reached XP level 6. HP: 27/38 MP: 9/9
  1397 | D:4      | Reached skill level 6 in Stealth
  1487 | D:5      | Entered Level 5 of the Dungeon
  1489 | D:5      | Found a bloodstained altar of Trog.
  1630 | D:5      | Reached XP level 7. HP: 20/43 MP: 10/10
  1634 | D:5      | HP: 1/43 [gnoll/spear (9)]
  1833 | D:5      | Reached skill level 7 in Stealth
  1833 | D:5      | Reached skill level 5 in Evocations
  1973 | D:5      | Reached skill level 5 in Dodging
  1982 | D:5      | Noticed M4edhros's ghost (amateur OpAr)
  2394 | D:5      | Reached skill level 8 in Stealth
  2607 | D:5      | Reached XP level 8. HP: 43/48 MP: 12/12
  2858 | D:5      | Noticed Grinder
  2882 | D:5      | Slain by Grinder

Vault maps used:
D:1:      matt_arrival_grand_opening, minivault_5, monster_avoids_cloud
D:2:      okawaru_metal_pillars_1_2, uniq_natasha
D:3:      uniq_crazy_yiuf_cottage, uniq_jessica, uniq_sigmund
D:4:      first_bread
D:5:      basic_altar, uniq_grinder

Action                   |  1- 3 |  4- 6 |  7- 9 || total
-------------------------+-------+-------+-------++-------
Melee: Short sword       |    23 |       |       ||    23
       Whip              |       |    69 |    68 ||   137
Throw: Tomahawk          |       |       |     1 ||     1
Evoke: Wand              |     3 |     5 |    10 ||    18
  Use: Potion            |       |       |     2 ||     2
 Stab: Sleeping          |     6 |    10 |     1 ||    17
       Distracted        |       |       |     2 ||     2
  Eat: Chunk             |       |     1 |     5 ||     6
